Map: Emerald City CE

Players

Thanquol

  • Race: Terran Terran
  • Spawn Location: 5:00

Bikersau

  • Race: Terran Terran
  • Spawn Location: 5:00

Ekelpack - Winner!

  • Race: Zerg Zerg
  • Spawn Location: 11:00

Nyck - Winner!

  • Race: Terran Terran
  • League: Silver
  • Spawn Location: 11:00

VOD

Have the link to the VOD?

Description

Time

  • Played on: Oct. 23, 2024, 2:22 p.m.
  • Length: 16:03
Show
View Real Time Build Order
Export as new Build Order

Thanquol Terran 

Build Orders: Mech 

Get SALT Encoding   

  12  0:00  SCV  
  13  0:12  SCV  
  14  0:19  Supply Depot  
  14  0:25  SCV  
  15  0:36  Refinery  
  15  0:41  SCV  
  16  0:46  Barracks  
  16  0:53  SCV  
  17  1:06  SCV, Barracks  
  18  1:18  SCV  
  19  1:30  SCV  
  19  1:32  Supply Depot  
  20  1:38  Reaper  
  21  1:45  SCV  
  22  1:51  Refinery  
  22  1:54  Reaper  
  23  2:08  Engineering Bay  
  23  2:10  SCV, Reaper  
  25  2:22  SCV  
  26  2:28  Supply Depot  
  26  2:37  Orbital Command  
  26  2:52  Command Center  
  26  2:56  Barracks Tech Lab  
  26  3:05  Factory  
  25  3:52  Factory Reactor  
  23  3:57  Missile Turret  
  23  4:10  SCV  
  23  4:11  Factory  
  24  4:19  Missile Turret x2  
  24  4:23  SCV  
  25  4:26  Supply Depot  
  25  4:32  Cyclone x2  
  25  4:35  SCV  
  30  4:47  SCV  
  30  4:51  Armory  
  31  4:56  Factory Tech Lab  
  31  4:59  SCV  
  32  5:04  Factory, Widow Mine x2  
  35  5:25  Cyclone x2  
  39  5:29  SCV  
  40  5:38  Widow Mine  
  40  5:41  SCV  
  43  5:53  SCV, Missile Turret  
  44  5:57  Missile Turret, Widow Mine  
  44  5:58  Widow Mine  
  44  5:59  Missile Turret  
  48  6:05  SCV  
  49  6:12  Factory Tech Lab  
  49  6:17  SCV  
  50  6:20  Refinery  
  50  6:22  Siege Tank  
  53  6:29  SCV  
  53  6:30  Terran Vehicle Weapons Level 1  
  53  6:32  Cyclone x2  
  58  6:33  Siege Tank  
  61  6:41  Supply Depot  
  61  6:42  SCV  
  60  7:20  Thor  
  60  7:21  Siege Tank  
  69  7:22  Orbital Command  
  69  7:26  Refinery  
  69  7:37  Command Center  
  69  7:49  SCV  
  69  8:01  SCV  
  68  8:13  SCV  
  69  8:22  Supply Depot  
  69  8:24  Terran Vehicle And Ship Armor Level 1  
  69  8:25  Supply Depot, SCV  
  69  8:26  Supply Depot  
  70  8:40  Factory  
  70  8:43  Supply Depot, SCV, Siege Tank x2  
  70  8:45  Supply Depot  
  77  8:55  SCV  
  78  9:08  SCV  
  79  9:15  Thor  
  79  9:16  Siege Tank  
  88  9:20  SCV  
  89  9:26  Command Center  
  89  9:32  SCV  
  90  9:47  Thor  
  96  9:58  Thor  
  102  10:05  SCV  
  103  10:17  SCV  
  103  10:21  Factory Tech Lab  
  104  10:24  Cyclone x2  
  108  10:29  SCV  
  109  10:37  Siege Tank  
  109  10:41  Thor  
  109  10:42  SCV  
  119  10:46  Refinery  
  119  10:54  SCV  
  119  10:56  Cyclone  
  122  11:05  Siege Tank  
  122  11:08  Terran Vehicle And Ship Armor Level 2  
  125  11:17  Supply Depot  
  125  11:39  Siege Tank x2, SCV  
  132  11:40  Missile Turret  
  132  11:42  Missile Turret  
  132  11:51  SCV  
  133  11:56  Hurricane Engines  
  133  12:02  Missile Turret  
  133  12:35  SCV, Siege Tank  
  137  12:38  Supply Depot  
  137  12:39  Supply Depot  
  137  12:46  Refinery  
  137  12:47  SCV  
  138  12:59  SCV  
  138  13:00  Thor x2  
  151  13:05  Supply Depot  
  151  13:07  Siege Tank  
  155  13:21  Orbital Command  
  155  13:23  Terran Vehicle Weapons Level 2  
  154  13:38  Command Center  
  154  13:39  Thor, Missile Turret  
  160  13:43  Siege Tank  
  163  13:49  Thor  
  163  13:53  Supply Depot  
  163  13:54  Supply Depot  
  169  13:57  SCV  
  169  13:59  Missile Turret  
  170  14:09  SCV  
  171  14:10  Supply Depot  
  171  14:15  Supply Depot, Siege Tank  
  174  14:21  SCV  
  175  14:33  SCV  
  175  14:34  Thor  
  175  14:35  Siege Tank  
  185  14:47  Siege Tank  
Show
View Real Time Build Order
Export as new Build Order

Bikersau Terran 

Build Orders:  

Get SALT Encoding   

  12  0:01  SCV  
  13  0:13  SCV  
  14  0:19  Supply Depot  
  14  0:28  SCV, Refinery  
  15  0:42  Barracks  
  15  0:45  SCV  
  16  0:57  SCV  
  16  1:04  Barracks  
  17  1:09  SCV  
  18  1:18  Refinery  
  18  1:22  SCV  
  19  1:29  Barracks Reactor  
  19  1:37  SCV  
  19  1:38  Supply Depot  
  20  1:49  SCV  
  21  1:58  Factory  
  21  2:01  Barracks Tech Lab  
  21  2:06  Marine  
  22  2:09  Marine  
  23  2:21  Orbital Command  
  23  2:24  Concussive Shells  
  23  2:33  Marauder  
  25  2:46  Starport  
  25  2:47  Factory Reactor  
  26  2:51  SCV  
  28  2:58  Marauder  
  28  3:03  Marine  
  28  3:04  Marine  
  30  3:07  SCV  
  31  3:15  Supply Depot  
  31  3:21  Stimpack  
  31  3:32  Supply Depot  
  31  3:36  Marine x3  
  31  3:37  SCV  
  31  3:38  Factory Reactor  
  35  3:54  Marine x2  
  37  3:55  Marine  
  37  3:57  Medivac  
  37  3:59  Medivac  
  42  4:04  Supply Depot  
  42  4:14  Engineering Bay  
  42  4:19  Widow Mine  
  42  4:20  Widow Mine  
  42  4:23  Marine  
  47  4:40  Widow Mine  
  47  4:41  Marine x2  
  51  4:49  Widow Mine  
  53  4:57  Marine, Missile Turret  
  53  4:59  Marine  
  55  5:44  Widow Mine  
  38  6:01  Viking x2  
  38  6:02  Marine x3  
  45  6:04  Terran Infantry Weapons Level 1  
  45  6:18  Cyclone x2  
  49  6:19  Marine  
  49  6:20  Marine x2  
  52  6:28  Missile Turret  
  52  6:31  Viking  
  54  6:37  Marine  
  55  6:53  Command Center  
  55  7:01  Marine  
  55  7:17  Combat Shield  
  55  7:23  Supply Depot x2  
  55  7:36  Supply Depot  
  55  7:42  Missile Turret  
  55  7:44  SCV  
  56  7:57  SCV  
  57  7:59  Marauder  
  59  8:09  SCV  
  60  8:14  Barracks  
  60  8:20  Marauder  
  60  8:31  Missile Turret  
  60  8:32  Orbital Command  
  60  8:33  SCV  
  61  8:46  Missile Turret  
  61  8:52  Barracks  
  61  8:55  Barracks  
  61  9:01  Ghost Academy  
  61  9:05  SCV  
  62  9:10  SCV  
  62  9:13  Refinery  
  63  9:17  SCV, Refinery  
  63  9:18  Missile Turret  
  63  9:22  SCV  
  65  9:27  Sensor Tower  
  65  9:29  SCV  
  66  9:31  Widow Mine  
  66  9:32  Medivac  
  66  9:34  SCV, Medivac  
  73  9:41  SCV  
  73  9:44  Supply Depot x2  
  74  9:48  Personal Cloaking  
  74  9:49  Barracks Tech Lab  
  74  9:50  Barracks Tech Lab  
  74  9:52  Barracks Tech Lab  
  74  9:57  SCV  
  75  10:01  Widow Mine  
  75  10:02  Widow Mine  
  79  10:12  Terran Infantry Armor Level 1  
  79  10:15  Ghost  
  79  10:16  Ghost  
  83  10:25  Supply Depot  
  83  10:41  Widow Mine x2  
  83  10:42  SCV x2  
  89  10:49  Command Center  
  89  10:54  SCV  
  90  11:02  Widow Mine  
  92  11:07  Ghost x2  
  92  11:09  Marauder x2  
  100  11:12  SCV  
  100  11:14  SCV  
  102  11:33  SCV  
  102  11:34  SCV  
  102  11:35  Ghost, Marauder  
  102  11:36  Ghost  
  102  11:37  Marauder  
  112  11:42  Medivac  
  112  11:46  SCV  
  115  11:50  SCV  
  116  11:58  SCV  
  117  12:02  SCV  
  118  12:10  SCV  
  119  12:17  Ghost  
  119  12:18  Ghost, Marauder  
  119  12:19  Marine x2, Marauder  
  119  12:22  SCV  
  130  12:38  Ghost, Command Center  
  130  12:43  Planetary Fortress  
  132  12:44  SCV  
  133  13:11  SCV  
  133  13:24  Supply Depot  
  133  13:34  Barracks  
  133  13:35  Barracks  
  133  13:38  Barracks  
  133  13:45  Ghost x2  
  133  13:46  SCV x3, Marine  
  133  13:47  Supply Depot  
  141  13:49  Ghost, Medivac  
  141  13:50  Marauder  
  141  13:53  Hi-Sec Auto Tracking  
  147  14:03  Widow Mine x2  
  147  14:09  Supply Depot  
  151  14:10  Ghost  
  151  14:14  Ghost  
  151  14:15  Marauder  
  157  14:18  Ghost  
  159  14:25  Barracks  
  159  14:39  Ghost  
  139  15:06  Marauder x3  
  139  15:07  Marine x2, Ghost  
  113  15:24  Marine  
  113  15:26  Ghost  
  113  15:27  Marauder x2  
Show
View Real Time Build Order
Export as new Build Order

Ekelpack Zerg - Winner!

Build Orders: Hatch First 

Get SALT Encoding   

  12  0:00  Drone  
  13  0:08  Drone  
  14  0:17  Overlord  
  14  0:22  Extractor  
  14  0:23  Drone  
  14  0:36  Drone  
  15  0:55  Hatchery  
  14  0:58  Drone  
  14  1:01  Drone  
  16  1:17  Spawning Pool  
  15  1:21  Drone  
  16  1:26  Drone  
  16  1:30  Drone  
  18  1:45  Drone  
  19  1:58  Drone x2  
  21  2:06  Lair  
  21  2:07  Queen  
  23  2:20  Drone  
  23  2:21  Drone  
  25  2:23  Drone x2  
  25  2:26  Extractor  
  26  2:31  Overlord  
  26  2:37  Drone  
  26  2:42  Drone  
  28  2:51  Drone x3  
  30  2:56  Extractor  
  30  3:02  Drone  
  31  3:05  Spire  
  31  3:06  Queen  
  31  3:11  Drone  
  33  3:18  Drone  
  33  3:19  Drone x2  
  36  3:32  Zergling x2  
  35  3:53  Overlord  
  35  4:11  Queen  
  35  4:13  Drone x3  
  40  4:17  Mutalisk x2  
  44  4:34  Overlord  
  44  4:45  Zerg Flyer Weapons Level 1  
  44  4:55  Drone  
  44  4:56  Drone x2  
  44  4:58  Extractor  
  44  4:59  Mutalisk x2  
  46  5:00  Mutalisk  
  52  5:23  Overlord x3  
  51  5:55  Mutalisk x4  
  51  5:56  Mutalisk  
  51  5:57  Overlord x3  
  60  6:04  Drone x2  
  60  6:05  Overlord x3  
  61  6:27  Hatchery  
  60  6:35  Drone x3, Evolution Chamber  
  60  6:39  Evolution Chamber  
  61  6:40  Zerg Flyer Weapons Level 2  
  61  6:41  Infestation Pit  
  61  6:44  Mutalisk x2  
  61  6:46  Zergling x6  
  61  6:47  Zergling x6  
  68  7:06  Zerg Missile Weapons Level 1  
  68  7:07  Zerg Ground Armor Level 1  
  66  7:12  Hydralisk Den  
  66  7:13  Zergling x10  
  70  7:46  Drone x2  
  70  7:47  Drone  
  73  7:52  Drone x2  
  73  7:55  Queen  
  77  8:00  Hydralisk x3  
  77  8:01  Hydralisk x3  
  77  8:03  Grooved Spines  
  89  8:08  Extractor  
  89  8:11  Extractor  
  81  8:32  Hydralisk x2  
  81  8:33  Hydralisk x3  
  91  8:43  Drone  
  91  8:46  Hive  
  92  8:53  Muscular Augments  
  92  8:55  Drone x2  
  94  8:58  Drone  
  94  8:59  Drone  
  94  9:00  Zerg Missile Weapons Level 2  
  96  9:03  Zerg Ground Armor Level 2  
  96  9:06  Drone  
  96  9:09  Drone x3  
  100  9:26  Drone  
  101  9:33  Drone  
  102  9:41  Hydralisk  
  102  9:42  Hydralisk x6  
  102  9:43  Hydralisk x2  
  120  9:58  Overlord  
  120  10:12  Hatchery  
  119  10:25  Hydralisk x5  
  119  10:26  Overlord x2, Hydralisk  
  131  10:49  Metabolic Boost  
  131  10:55  Ultralisk Cavern  
  130  11:01  Zergling x4  
  130  11:02  Zergling x8  
  136  11:09  Hydralisk x7  
  136  11:10  Hydralisk  
  152  11:25  Zerg Missile Weapons Level 3  
  152  11:33  Overlord  
  152  11:34  Overlord x2  
  152  11:51  Zerg Ground Armor Level 3  
  152  11:57  Drone x3  
  152  11:58  Extractor  
  154  12:08  Adrenal Glands  
  154  12:24  Overlord x3, Hydralisk x3  
  154  12:25  Hydralisk x5  
  154  12:26  Hydralisk x2  
  168  12:41  Drone  
  168  12:42  Drone x2, Overlord x2  
  168  12:43  Overlord  
  171  12:50  Chitinous Plating  
  170  13:11  Drone x2  
  172  13:29  Ultralisk x3  
  172  13:30  Ultralisk  
  172  13:31  Zergling x2  
  172  13:32  Zergling x4  
  199  13:54  Extractor  
  198  14:09  Ultralisk  
  199  14:25  Queen  
  180  14:56  Ultralisk x3  
  180  14:57  Ultralisk x2  
  150  15:16  Zergling x2  
  150  15:17  Zergling x14  
  150  15:18  Zergling x12  
  150  15:19  Zergling x14  
  150  15:20  Zergling x12  
  150  15:21  Zergling x2  
Show
View Real Time Build Order
Export as new Build Order

Nyck Terran - Winner!

Build Orders: 2 Factory, Command Center First 

Get SALT Encoding   

  12  0:00  SCV  
  13  0:12  SCV  
  14  0:17  Supply Depot  
  14  0:24  SCV  
  15  0:39  SCV  
  16  0:59  Command Center  
  16  1:05  SCV  
  17  1:12  Barracks  
  17  1:19  Refinery  
  17  1:24  Refinery  
  17  1:28  SCV  
  18  1:40  SCV  
  19  1:53  SCV  
  20  2:01  Supply Depot  
  20  2:06  Orbital Command  
  20  2:11  Factory  
  20  2:17  SCV  
  21  2:29  Orbital Command  
  21  2:34  Barracks Reactor  
  21  2:38  SCV  
  22  2:51  Factory  
  22  2:52  SCV  
  23  3:00  SCV  
  24  3:15  SCV x2  
  24  3:19  Refinery  
  26  3:23  Hellion x2  
  26  3:26  Barracks Reactor  
  30  3:27  SCV x2  
  32  3:39  SCV  
  32  3:40  SCV  
  34  3:52  Hellion x2  
  38  3:59  SCV x2, Armory  
  40  4:10  Barracks Reactor  
  40  4:11  SCV x2  
  40  4:12  Hellion x2  
  46  4:19  Supply Depot  
  46  4:35  SCV x2  
  48  4:42  Supply Depot  
  48  4:47  SCV x2  
  48  4:49  Command Center  
  50  4:56  Hellion x2, Hellbat  
  50  4:57  Hellion  
  58  5:00  Factory  
  58  5:01  Terran Vehicle And Ship Armor Level 1  
  58  5:04  SCV x2  
  58  5:38  Hellion x4  
  52  5:59  Hellion  
  52  6:01  Factory Tech Lab  
  54  6:04  Hellion  
  54  6:05  Hellion x2  
  54  6:10  Supply Depot, SCV x2  
  62  6:12  Orbital Command  
  62  6:21  Infernal Pre-Igniter, Hellion  
  64  6:30  SCV x2  
  66  6:33  Hellion  
  66  6:34  Hellion  
  70  6:41  Hellion x6  
  70  6:42  SCV  
  70  6:47  SCV  
  72  6:51  Orbital Command  
  72  6:56  SCV  
  73  7:09  SCV x2  
  73  7:11  Command Center  
  75  7:19  SCV  
  75  7:21  SCV  
  77  7:25  SCV  
  77  7:27  Hellion  
  77  7:28  Hellion x2  
  77  7:29  Hellion  
  86  7:31  SCV  
  86  7:33  SCV  
  88  7:38  SCV  
  88  7:40  Smart Servos  
  77  8:10  SCV x3  
  80  8:19  Hellion x2  
  86  8:20  Hellion x2  
  86  8:21  Hellion  
  86  8:22  SCV x2  
  86  8:23  SCV, Refinery  
  86  8:27  Orbital Command, Refinery  
  93  8:34  SCV  
  93  8:35  SCV x2  
  96  8:53  SCV  
  96  8:54  SCV x3  
  100  9:01  Terran Vehicle And Ship Armor Level 2  
  100  9:06  SCV  
  101  9:10  SCV  
  101  9:11  SCV x2  
  104  9:18  SCV  
  104  9:23  SCV x2  
  107  9:26  SCV  
  108  10:11  Command Center  
  108  10:15  Barracks  
  108  10:22  Factory Reactor  
  108  10:24  Engineering Bay  
  108  10:28  Engineering Bay  
  106  10:43  SCV x2  
  106  10:49  SCV x2  
  110  10:51  Supply Depot  
  110  10:53  Barracks  
  110  10:55  SCV x2  
  112  10:58  Barracks  
  112  11:01  SCV x2  
  114  11:05  Barracks  
  114  11:07  SCV x2  
  114  11:10  Terran Infantry Weapons Level 1, Terran Infantry Armor Level 1  
  116  11:15  Supply Depot  
  116  11:19  Starport  
  116  11:24  Barracks  
  116  11:32  Factory Reactor  
  116  11:33  SCV x3  
  116  11:34  SCV  
  116  11:37  Supply Depot  
  120  11:45  SCV x3, Barracks  
  120  11:46  SCV  
  124  11:48  Barracks, Barracks Reactor  
  124  12:01  Supply Depot  
  124  12:11  Medivac x2  
  128  12:20  Starport  
  128  12:24  Barracks Reactor  
  128  12:25  Supply Depot  
  128  12:28  Factory Reactor  
  128  12:35  Marine x6  
  134  12:37  Marine  
  134  12:39  Combat Shield  
  135  12:52  Medivac x2  
  135  12:56  Medivac x2  
  135  12:57  Command Center  
  143  12:58  Marine x2  
  143  12:59  Marine x4  
  143  13:00  Marine x2  
  143  13:04  Barracks Reactor  
  151  13:16  Marine x3  
  151  13:17  Marine x2  
  151  13:18  Marine x3  
  151  13:19  Marine, Barracks Reactor  
  160  13:21  Terran Infantry Weapons Level 2  
  160  13:22  Terran Infantry Armor Level 2  
  160  13:24  Terran Vehicle And Ship Armor Level 3  
  160  13:28  Barracks Reactor  
  160  13:31  Supply Depot  
  160  13:33  Supply Depot  
  160  13:37  Marine  
  160  13:38  Marine x6  
  160  13:39  Marine x2  
  169  13:46  Refinery  
  169  13:49  SCV x2  
  169  13:50  SCV x2  
  169  13:53  Barracks  
  169  13:55  Supply Depot  
  173  13:56  Supply Depot  
  173  13:58  Refinery, Stimpack  
  173  13:59  Marine x3  
  173  14:00  Marine x8, Refinery  
  173  14:01  SCV, Marine  
  173  14:02  SCV x3  
  189  14:12  Medivac x4  
  197  14:18  Planetary Fortress, Supply Depot  
  197  14:20  Supply Depot  
  197  14:21  SCV x3  
  200  14:25  Planetary Fortress  
  200  14:28  Refinery  
  200  14:42  Supply Depot  
  200  14:44  Supply Depot  
  190  15:00  Marine  
  190  15:01  Marine x9  
  193  15:07  Supply Depot  
Tags
 
Add a new tag
Caveats
  • Supply blocks, unpowered buildings, or Contaminate may cause inaccurate times.
  • Supply counts are checked every 10 seconds.